 Dungeon Crawl Stone Soup version 0.30-a0-996-ga6910c8ee8 (webtiles) character file.

Game seed: 14400832520652038750

305 promet the Magician (level 6, -3/35 HPs)
             Began as a Deep Elf Hedge Wizard on Apr 5, 2023.
             Slain by an ogre
             ... wielding a +0 giant club
              (25 damage)
             ... on level 4 of the Dungeon.
             The game lasted 00:20:23 (3834 turns).

promet the Magician (Deep Elf Hedge Wizard)         Turns: 3834, Time: 00:20:23

Health: -3/35      AC:  3    Str:  7    XL:     6   Next: 15%
Magic:  11/17      EV: 13    Int: 21    God:
Gold:   50         SH:  0    Dex: 14    Spells: 11/17 levels left

rFire   . . .      SeeInvis .    a - +4 whip (venom)
rCold   . . .      Faith    .    (no shield)
rNeg    . . .      Spirit   .    b - +0 robe
rPois   .          Reflect  .    c - +0 hat
rElec   .          Rampage  .    m - +0 cloak
rCorr   .                        (no gloves)
Will    .....                    (no boots)
Stlth   ++                       (no amulet)
HPRegen 0.25/turn                (no ring)
MPRegen 0.15/turn                (no ring)

@: no status effects
A: no striking features
a: no special abilities


You were on level 4 of the Dungeon.
You visited 1 branch of the dungeon, and saw 4 of its levels.

You collected 193 gold pieces.
You spent 143 gold pieces at shops.

Inventory:

Hand Weapons
 a - a +4 whip of venom (weapon)
 n - a +0 dagger
Missiles
 g - 3 javelins (quivered)
 h - 40 stones
 w - 3 boomerangs
Armour
 b - a +0 robe (worn)
 c - a +0 hat (worn)
 m - a +0 cloak (worn)
Magical Staves
 o - a staff of death
Jewellery
 k - a ring of wizardry
 l - a ring of see invisible
 r - an amulet of magic regeneration
Wands
 s - a wand of polymorph (5)
Scrolls
 t - a scroll of brand weapon {unknown}
 u - a scroll of identify
 v - a scroll of enchant weapon {unknown}
Potions
 e - 4 potions of curing
 f - a potion of haste {unknown}
 i - 2 potions of heal wounds
 j - 3 potions of cancellation
 q - a potion of attraction {unknown}


   Skills:
 * Level 2.2 Fighting
 + Level 1.1 Short Blades
 + Level 0.7 Maces & Flails
 + Level 3.4 Dodging
 + Level 3.3 Stealth
 + Level 6.3 Spellcasting
 + Level 1.8 Conjurations
 + Level 0.4 Hexes
 + Level 2.0 Summonings
 + Level 1.1 Translocations


You had 11 spell levels left.
You knew the following spells:

 Your Spells              Type           Power      Damage    Failure   Level
a - Magic Dart            Conj           56%        1d5       4%          1
b - Slow                  Hex            32%        N/A       8%          1
c - Blink                 Tloc           22%        N/A       9%          2
d - Call Imp              Summ           15%        N/A       6%          2

Your spell library contained the following spells:

 Spells                   Type           Power      Damage    Failure   Level
 Summon Small Mammal      Summ           60%        N/A       4%          1
 Call Canine Familiar     Summ           15%        N/A       12%         3
 Cigotuvi's Dreadful Rot  Necr/Pois/Air  12%        N/A       14%         2
 Summon Guardian Golem    Hex/Summ       11%        N/A       17%         3
 Mephitic Cloud           Conj/Pois/Air  9%         N/A       22%         3
 Ozocubu's Armour         Ice            6%         N/A       28%         3
 Ozocubu's Refrigeration  Ice            3%         4d8       100%        7


Dungeon Overview and Level Annotations

Branches:
Dungeon (4/15)
 Temple: D:4-7

Altars:

Shops:
D:3 !


Message History

The ogre closely misses your crimson imp.
Your crimson imp hits the ogre.
Casting: Magic Dart (safe; 4% risk of failure)
Confirm with . or Enter, or press ? or * to list all spells.
Aiming: Magic Dart (safe; 4% risk of failure)
Press: ? - help, Shift-Dir - straight line, f/p - ogre
Aim: an ogre, wielding a +0 giant club (heavily wounded, ally target, 100% to hit)
The magic dart hits the ogre.
The ogre is heavily wounded.
The ogre hits your crimson imp with a +0 giant club!!
Your crimson imp dies!
Your crimson imp disappears in a puff of smoke!
Throw: 5 javelins
Press: ? - help, Q - select action, (/) - cycle Shift-Dir - straight line, f/p - ogre
Aim: an ogre, wielding a +0 giant club (heavily wounded, 74% to hit)
You throw a javelin. The javelin pierces through the ogre.
The ogre is heavily wounded.
Casting: Magic Dart (safe; 4% risk of failure)
Confirm with . or Enter, or press ? or * to list all spells.
Aiming: Magic Dart (safe; 4% risk of failure)
Press: ? - help, Shift-Dir - straight line, f/p - ogre
Aim: an ogre, wielding a +0 giant club (heavily wounded, 100% to hit)
The magic dart hits the ogre.
The ogre is severely wounded.
Throw: 4 javelins
Press: ? - help, Q - select action, (/) - cycle Shift-Dir - straight line, f/p - ogre
Aim: an ogre, wielding a +0 giant club (severely wounded, 74% to hit)
You throw a javelin. The javelin barely misses the ogre.
Casting: Magic Dart (safe; 4% risk of failure)
Confirm with . or Enter, or press ? or * to list all spells.
Aiming: Magic Dart (safe; 4% risk of failure)
Press: ? - help, Shift-Dir - straight line, f/p - ogre
Aim: an ogre, wielding a +0 giant club (severely wounded, 100% to hit)
The magic dart hits the ogre.
The ogre is severely wounded.
You hit the ogre.
The ogre is poisoned.
The ogre is almost dead.
The ogre hits you with a +0 giant club!!
Ouch! That really hurt!
You die...

..#.###.###.#.#.....(....
..........#.#....)((......
.......##.................
.......####.##............
........###.##<...........
.........#..##.........>.....
..........÷.................
...........####.O.......... ##
...........#####@....##... ..
######..##..#....(.#.###.######..
###.####...####.#.............
#...#.......###.####..........
#.................†..........?
#...........##....#...........
##>..##...#..##.#.#.........##
#...##.####.##.#...........#
#......# ....###.........#


You could see an ogre (very poisoned).

Vanquished Creatures
  Eustachio (D:4)
  An iguana (D:4)
  4 adders
  An ufetubus (D:4)
  3 orcs (D:3)
  6 ball pythons
  7 bats
  9 endoplasms
  A giant cockroach (D:1)
  3 hobgoblins
  A jackal (D:4)
  3 quokkas (D:3)
  3 frilled lizards
  8 goblins
  4 kobolds
  3 rats
58 creatures vanquished.

Vanquished Creatures (collateral kills)
  An orc wizard (D:3)
  2 orcs (D:3)
  A giant cockroach (D:4)
  A hobgoblin (D:4)
  2 jackals (D:4)
  A quokka (D:3)
8 creatures vanquished.

Grand Total: 66 creatures vanquished

Notes
Turn   | Place    | Note
-------+----------+-------------------------------------------
     0 | D:1      | promet the Deep Elf Hedge Wizard began the quest for the
                  | Orb.
     0 | D:1      | Reached XP level 1. HP: 10/10 MP: 7/7
   450 | D:1      | Reached XP level 2. HP: 16/16 MP: 7/9
   776 | D:2      | Reached skill level 5 in Spellcasting
   788 | D:2      | Learned a level 1 spell: Slow
   791 | D:2      | Learned a level 2 spell: Blink
   794 | D:2      | Learned a level 2 spell: Call Imp
   848 | D:2      | Reached XP level 3. HP: 20/20 MP: 4/11
  1237 | D:2      | Reached skill level 1 in Fighting
  2118 | D:3      | Found Ulaciaxi's Distillery.
  2363 | D:3      | Reached XP level 4. HP: 23/25 MP: 13/13
  2463 | D:3      | HP: 1/25 [something (2)]
  2588 | D:3      | Reached skill level 1 in Short Blades
  3040 | D:3      | Bought 2 potions of curing for 78 gold pieces
  3040 | D:3      | Bought a potion of heal wounds for 65 gold pieces
  3378 | D:4      | Reached XP level 5. HP: 30/30 MP: 11/15
  3487 | D:4      | Noticed Eustachio
  3743 | D:4      | Identified the +1 ring mail of Kikubaaqudgha's Favour {Harm
                  | *Corrode Dex+2}
  3764 | D:4      | Noticed an ogre
  3818 | D:4      | Killed Eustachio
  3819 | D:4      | Reached skill level 6 in Spellcasting
  3819 | D:4      | Reached XP level 6. HP: 18/35 MP: 15/17
  3834 | D:4      | Slain by an ogre

Illustrated notes

Levels and vault maps discovered:
D:1:      wheals_arrival_shading, layout_rooms
D:2:      layout_loops_cross, serial_rivers, chequers_serial_rivers_micro_c,
          chequers_serial_rivers_micro_b, chequers_serial_rivers_room_b,
          chequers_serial_rivers_micro_b, chequers_serial_rivers_large_b,
          chequers_serial_rivers_micro_a
D:3:      layout_rooms, serial_shops, nicolae_shop_trees, minivault_4,
          hangedman_decor_slide_cut, hangedman_decor_diamond_cutter,
          grunt_ministairs_2
D:4:      layout_rooms, uniq_eustachio

Skill      XL: |  1  2  3  4  5 |
---------------+----------------+-----
Spellcasting   | 5 6 |  6.3
Fighting       | 1 2 |  2.2
Short Blades   | 1 |  1.1
Stealth        | 3 |  3.3
Dodging        | 3 |  3.4
Summonings     | 2 |  2.0
Maces & Flails | |  0.7
Conjurations   | |  1.8
Hexes          | |  0.4
Translocations | |  1.1

Action                     |  1- 3 |  4- 6 || total
---------------------------+-------+-------++-------
  Melee: Dagger            |    67 |     5 ||    72
         Whip              |       |    35 ||    35
         Punch             |       |     1 ||     1
  Throw: Dart              |       |     4 ||     4
         Javelin           |       |     2 ||     2
   Cast: Magic Dart        |    42 |    40 ||    82
         Call Imp          |     3 |    11 ||    14
         Slow              |     1 |     3 ||     4
         Blink             |     1 |       ||     1
    Use: Scroll            |     3 |     1 ||     4
         Potion            |       |     3 ||     3
   Stab: Sleeping          |     4 |     2 ||     6
 Armour: Robe              |    17 |    24 ||    41
  Dodge: Dodged            |    50 |    64 ||   114

Table legend: (Time is in decaauts)
 A = Elapsed time spent in this place.
 B = Non-inter-level travel time spent in this place.
 C = Inter-level travel time spent in this place.
 D = Time resting spent in this place.
 E = Time spent auto-exploring this place.
 F = Levels seen in this place.
 G = Mean time per level.
                   A        B        C        D        E       F      G
               +--------+--------+--------+--------+--------+-----+--------+
         Total |   3870 |   3798 |     72 |   1360 |    574 |   4 |  967.5 |
       Dungeon |   3870 |   3798 |     72 |   1360 |    574 |   4 |  967.5 |
               +--------+--------+--------+--------+--------+-----+--------+

Top non-repeatable levels by time:
     D:2: 1426 daAuts
     D:3: 1301 daAuts
     D:1: 713 daAuts
     D:4: 429 daAuts
